cohdb
Replays
Latest Replays
All Replays
Popular Replays
Top Player Replays
Match Explorer
How It Works
Community
CoH3 Stats
Reddit
Sign in to upload your games and track your stats! →
Sign in with Steam
Match 42510254
Unlisted
Match 42510254
Overview
Messages
Build Orders
End
Construct Infanterie Kompanie
Pioneer Squad
Selects Breakthrough Battlegroup
Grenadier Squad
Grenadier Squad
Grenadier Squad
Grenadier Squad
Construct Panzergrenadier Kompanie
Selects Assault Grenadiers
Pak 40 Anti-tank Gun Team
Grenadier Squad
Construct Panzer Kompanie
Selects Breakthrough
Panzer IV Medium Tank
Selects Rapid Production
Forward Retreat Point
Panzer IV Medium Tank
Medical Bunker
UH|ck
UH|XTC
insane
iceman
LeopoldStotch
francois
SugarDady
Генерал Лапин
0
0
Comments
sign in to comment!
No comments posted yet!